 Dungeon Crawl Stone Soup version 0.19-a0-36-g4a0968a (webtiles) character file.

48 protoss039 the Covered (level 3, 0/26 HPs)
             Began as a High Elf Fighter on May 4, 2016.
             Succumbed to an adder's poison
             ... on level 2 of the Dungeon.
             The game lasted 00:14:23 (1748 turns).

protoss039 the Covered (High Elf Fighter)           Turns: 1748, Time: 00:14:24

Health: 0/26       AC:  6    Str: 16    XL:     3   Next: 50%
Magic:  4/4        EV:  7    Int: 11    God:
Gold:   58         SH:  9    Dex: 15    Spells: 0 memorised, 2 levels left

rFire  + . .     SeeInvis .     a - +0 rapier
rCold  + . .     Gourm    .     b - +0 scale mail
rNeg   + . .     Faith    .     c - +0 shield
rPois  +         Spirit   .     (no helmet)
rElec  +         Dismiss  .     (no cloak)
rCorr  +         Reflect  .     (no gloves)
SustAt .         Harm     .     (no boots)
MR     .....                    (no amulet)
Stlth  ..........               (no ring)
                                n - ring of positive energy

@: lethally poisoned (0 -> -2), resistant, flying, not resistant to hostile
enchantments, extremely unstealthy
A: no striking features
a: no special abilities


You were on level 2 of the Dungeon.
You were not hungry.

You visited 1 branch of the dungeon, and saw 2 of its levels.

You collected 58 gold pieces.

Inventory:

Hand Weapons
 a - a +0 rapier (weapon)
 e - a +1 mace of crushing
Missiles
 h - 22 bolts
 j - 18 arrows
 m - 27 poisoned needles (quivered)
Armour
 b - a +0 scale mail (worn)
 c - a +0 shield (worn)
Jewellery
 n - a ring of positive energy (left hand)
Scrolls
 i - a scroll of identify
 k - a scroll of fear
 l - a scroll of remove curse {unknown}
Potions
 d - a potion of might
 g - a potion of flight
Comestibles
 f - 2 bread rations
 p - 2 chunks of flesh


   Skills:
 + Level 3.2 Fighting
 + Level 2.8 Short Blades
 + Level 3.4 Armour
 + Level 0.7 Dodging
 + Level 2.9 Shields


You had 2 spell levels left.
You didn't know any spells.

Dungeon Overview and Level Annotations

Branches:
Dungeon (2/15)

Altars:


Message History

You feel sick.
You spend a moment contemplating the meaning of life.
Unknown command.
Unknown command.
As you read the scroll labeled NODUFYD KOAT, it crumbles to dust.
It is a scroll of identify.
Identify which item? (\ to view known items) (? for menu, Esc to quit)
k - 2 scrolls of fear
* * * LOW HITPOINT WARNING * * *
You feel sick. You block the adder's attack. The adder barely misses you.
The goblin shoots a stone.
The stone hits you but does no damage.
You see here a stone.
* * * LOW HITPOINT WARNING * * *
You feel sick. The adder closely misses you.
* * * LOW HITPOINT WARNING * * *
You feel sick. The adder bites you but does no damage.
As you read the scroll of fear, it crumbles to dust.
You assume a fearsome visage.
The adder looks frightened!
The goblin looks frightened!
You die...

.#...(...................#.
#...###..(.......###.####.
#... ###........# #......
#... #g###....######### ###
#.# #...........## #S#
#####.##.#..## #.#
#.#....... #.# #.#####..#
#@#######.#......#
#.........#.###...
###########.# #.## #.# ###
#.###### #....... ########
# #


You could see an adder (fleeing) and a goblin (fleeing).

Vanquished Creatures
  An adder (D:2)
  An ooze (D:2)
  3 dart slugs (D:1)
  5 goblins
  5 hobgoblins (D:1)
  4 bats (D:1)
  3 giant newts (D:1)
  4 kobolds
  A rat (D:2)
27 creatures vanquished.

Notes
Turn   | Place    | Note
--------------------------------------------------------------
     0 | D:1      | protoss039 the High Elf Fighter began the quest for the Orb.
     0 | D:1      | Reached XP level 1. HP: 16/16 MP: 2/2
   560 | D:1      | Reached XP level 2. HP: 21/21 MP: 3/3
  1435 | D:2      | Reached XP level 3. HP: 16/26 MP: 4/4
  1744 | D:2      | HP: 1/26 [poisoned by an adder]
  1748 | D:2      | Succumbed to an adder's poison

Vault maps used:
D:1:      erik_arrival_cave_to_civilisation, st_stairs_7,
          kennysheep_small_spiral, roderic_digamma_sauvastika,
          minmay_misc_feat_roman
D:2:      amethyst_overflow_temple_binary, ecumenical_altar_2

Skill      XL: |  1 |
---------------+----+-----
Armour         | 3 |  3.4
Fighting       | |  3.2
Short Blades   | |  2.8
Dodging        | |  0.7
Shields        | |  2.9

Action                   || total
-------------------------++-------
Melee: Rapier            ||   107
  Use: Scroll            ||     2
       Potion            ||     2
  Eat: Bread ration      ||     1
       Chunk             ||     1
Armor: Scale mail        ||    38
Dodge: Dodged            ||    25
Block: Shield            ||    46
